 Dungeon Crawl Stone Soup version 0.26.1-2-gb8aa6d0 (webtiles) character file.

Game seed: 16563035595993310768

48 Nithhogg the Ducker (level 3, -11/26 HPs)
             Began as an Octopode Fighter on Mar 29, 2021.
             Mangled by an orc warrior
             ... wielding a +0 trident
              (18 damage)
             ... on level 2 of the Dungeon.
             The game lasted 00:02:34 (1337 turns).

Nithhogg the Ducker (Octopode Fighter)              Turns: 1337, Time: 00:02:35

Health: -11/26     AC:  1    Str: 15    XL:     3   Next: 72%
Magic:  4/4        EV: 14    Int: 10    God:
Gold:   88         SH:  0    Dex: 12    Spells: 4/4 levels left

rFire    . . .     SeeInvis .     - Unarmed
rCold    . . .     Faith    .   (no shield)
rNeg     . . .     Spirit   .   (helmet restricted)
rPois    .         Reflect  .   (no amulet)
rElec    .         Harm     .   (no ring)
rCorr    .         Rampage  .   (no ring)
Will     .....                  (no ring)
Stlth    +++.......             (no ring)
HPRegen  0.08/turn              (no ring)
MPRegen  0.09/turn              (no ring)
                                (no ring)
                                (no ring)

@: mighty
A: almost no armour, stealthy swim, amphibious, 8 rings, constrict 8, camouflage
1, gelatinous body 1
a: no special abilities


You were on level 2 of the Dungeon.
You visited 1 branch of the dungeon, and saw 2 of its levels.

You collected 88 gold pieces.

Inventory:

Armour
 a - a +0 kite shield
Scrolls
 c - a scroll of amnesia {unknown}
 d - a scroll of teleportation {unknown}
 e - 2 scrolls of remove curse {unknown}
Potions
 g - a potion of haste {unknown}


   Skills:
 + Level 3.3 Fighting
 + Level 3.3 Dodging
 + Level 1.9 Stealth
 - Level 3.0 Shields
 + Level 2.4 Unarmed Combat
 + Level 1.1 Spellcasting


You had 4 spell levels left.
You didn't know any spells.
Your spell library was empty.

Dungeon Overview and Level Annotations

Branches:
Dungeon (2/15)

Altars:


Innate Abilities, Weirdness & Mutations

You cannot wear most types of armour.
You are very stealthy in the water. (Stealth+)
You are amphibious.
You can wear up to eight rings at the same time.
You can use your tentacles to constrict eight enemies at once.
Your skin changes colour to match your surroundings (Stealth+).
Your rubbery body absorbs attacks. (AC +1, EV +1)


Message History

You tentacle-slap the orc warrior.
You tentacle-slap the orc warrior, but do no damage.
The orc warrior is lightly wounded.
You constrict the orc warrior.
The orc warrior hits you with a +0 trident.
The orc hits you. The orc barely misses you.
The orc wizard begins to cast a cantrip, but forgets the words!
You release your grip on the orc warrior.
The hobgoblin barely misses you. The orc warrior closely misses you.
Unknown command.
It was a potion of curing.
You feel better. The hobgoblin closely misses you.
You feel better. The hobgoblin hits you with a +0 club.
You feel very mighty all of a sudden.
The orc warrior hits you from afar with a +0 trident!
* * * LOW HITPOINT WARNING * * *
The hobgoblin misses you.
You closely miss the hobgoblin. Your grab misses the hobgoblin.
The orc warrior hits you from afar with a +0 trident!!
Ouch! That really hurt!
You die...

#######.#..##.#
#).##......
#.## ###.## #.#
# #.# .. #.#
... ##.# ....
#..##?...
#@##.....
#g#......
#oo..# #oo.##
..........#
####.....#...
##....#.#...
#.#... # ≈.
#.#.#.. .


You could see an orc warrior, an orc wizard, 2 orcs and a hobgoblin.

Vanquished Creatures
  An adder (D:2)
  2 ball pythons (D:1)
  A giant cockroach (D:1)
  6 goblins
  7 hobgoblins
  2 jackals (D:1)
  5 kobolds (D:1)
  3 bats (D:1)
  4 frilled lizards (D:1)
  3 rats (D:1)
34 creatures vanquished.

Notes
Turn   | Place    | Note
-------+----------+-------------------------------------------
     0 | D:1      | Nithhogg the Octopode Fighter began the quest for the Orb.
     0 | D:1      | Reached XP level 1. HP: 16/16 MP: 1/1
   164 | D:1      | Reached XP level 2. HP: 21/21 MP: 2/2
   201 | D:1      | Reached skill level 1 in Stealth
   609 | D:1      | Reached XP level 3. HP: 25/26 MP: 4/4
   953 | D:1      | Reached skill level 1 in Spellcasting
  1323 | D:2      | Noticed an orc warrior
  1337 | D:2      | Mangled by an orc warrior

Illustrated notes

Levels and vault maps discovered:
D:1:      dpeg_arrival_boxorama, layout_loops_ring, minmay_pentomino_x2
D:2:      layout_rooms, nzn_wu_jian_council_hall,
          chequers_serial_rivers_micro_c, kennysheep_generic_room_14

Skill      XL: |  1  2  3 |
---------------+----------+-----
Stealth        | 1 |  1.9
Spellcasting   | 1 |  1.1
Fighting       | |  3.3
Dodging        | |  3.3
Shields        | |  3.0
Unarmed Combat | |  2.4

Action                   || total
-------------------------++-------
Melee: Unarmed           ||    76
       Constrict         ||    20
       Tentacles         ||    15
       Punch             ||     2
  Use: Potion            ||     3
 Stab: Sleeping          ||    10
Armor: Skin              ||     6
Dodge: Dodged            ||    60
